 Dungeon Sprint DCSS version 0.19.4-8-ga85b6b9 (webtiles) character file.

54 TryAgain the Sneak (level 5, -6/31 HPs)
             Began as an Octopode Conjurer on Feb 7, 2017.
             Was a Priest of Vehumet.
             Shot with an arrow by a deep elf archer (26 damage)
             ... in the Dungeon (Sprint VI: "Thunderdome").
             The game lasted 00:07:40 (337 turns).

TryAgain the Sneak (Octopode Conjurer)               Turns: 337, Time: 00:07:43

Health: -6/31      AC:  1    Str: 21    XL:     5   Next: 31%
Magic:  9/12       EV: 15    Int: 20    God:    Vehumet [***...]
Gold:   10         SH:  0    Dex:  9    Spells: 2 memorised, 11 levels left

rFire  + . .     SeeInvis +     q - +0 whip
rCold  x . .     Gourm    .     (no shield)
rNeg   + . .     Faith    .     (helmet restricted)
rPois  .         Spirit   .     (no amulet)
rElec  +         Reflect  .     m - ring of Greater Demons {rElec rN+ Int+2 Dex-3 Slay-3} (curse)
rCorr  +         Harm     .     n - ring of Dithmenos's Supremacy {Fire Str+8 Int+3 Slay+2 Stlth+}
MR     +....     NoTele   +     o - ring of Incredulity {rElec Str+2 SInv}
Stlth  ++++++....               p - ring "Southrus" {rElec rC- Str+4 SInv}
                                s - ring "Homubyfilo" {rCorr rC+ MR+ Int-4 SInv}
                                t - ring "Ilyum" {rCorr Stlth+}
                                (no ring)
                                (no ring)

@: very slightly contaminated
A: almost no armour, stealthy swim, amphibious, 8 rings, constrict 8, camouflage
1, gelatinous body 1
a: Renounce Religion


You were in the Dungeon.
You worshipped Vehumet.
Vehumet was most pleased with you.
You were not hungry.

You visited 1 branch You collected 280 gold pieces.
You spent 270 gold pieces at shops.

Inventory:

Hand Weapons
 q - a +0 whip (weapon)
Jewellery
 m - the cursed ring of Greater Demons (left tentacle) {rElec rN+ Int+2 Dex-3 Slay-3}
   (You bought it in a shop in the Dungeon)

   [ring of dexterity]

   It affects your intelligence (+2).
   It affects your dexterity (-3).
   It affects your accuracy and damage with ranged weapons and melee attacks
   (-3).
   It insulates you from electricity.
   It protects you from negative energy.
   It has a curse placed upon it.
 n - the ring of Dithmenos's Supremacy (right tentacle) {Fire Str+8 Int+3 Slay+2 Stlth+}
   (You bought it in a shop in the Dungeon)

   [ring of fire]

   It enhances your fire magic.
   It affects your strength (+8).
   It affects your intelligence (+3).
   It affects your accuracy and damage with ranged weapons and melee attacks
   (+2).
   It protects you from fire.
   It makes you vulnerable to cold.
   It makes you more stealthy.
 o - the ring of Incredulity (on tentacle) {rElec Str+2 SInv}
   (You bought it in a shop in the Dungeon)

   [ring of see invisible]

   It affects your strength (+2).
   It insulates you from electricity.
   It lets you see invisible.
 p - the ring "Southrus" (on tentacle) {rElec rC- Str+4 SInv}
   (You bought it in a shop in the Dungeon)

   [ring of see invisible]

   It affects your strength (+4).
   It makes you vulnerable to cold.
   It insulates you from electricity.
   It lets you see invisible.
 s - the ring "Homubyfilo" (on tentacle) {rCorr rC+ MR+ Int-4 SInv}
   (You bought it in a shop in the Dungeon)

   [ring of resist corrosion]

   It affects your intelligence (-4).
   It protects you from cold.
   It affects your resistance to hostile enchantments.
   It lets you see invisible.
 t - the ring "Ilyum" (on tentacle) {rCorr Stlth+}
   (You bought it in a shop in the Dungeon)

   [ring of resist corrosion]

   It makes you more stealthy.
Wands
 i - a wand of acid (3/15)
 j - a wand of iceblast (3/15)
Scrolls
 h - 2 scrolls of blinking
 k - 3 scrolls of fog
Potions
 c - a potion of curing
 d - 3 potions of heal wounds
 e - 3 potions of haste
 f - 2 potions of magic
 g - a potion of berserk rage
 l - a potion of resistance
Books
 a - a book of Conjurations

   Spells                             Type                      Level
   a - Magic Dart                     Conjuration                  1
   b - Searing Ray                    Conjuration                  2
   c - Dazzling Spray                 Conjuration/Hexes            3
   d - Fulminant Prism                Conjuration/Hexes            4
   e - Iskenderun's Mystic Blast      Conjuration                  4
   f - Iskenderun's Battlesphere      Conjuration/Charms           5
Comestibles
 b - a bread ration
 r - a chunk of flesh


   Skills:
 + Level 5.3 Dodging
 + Level 7.7 Stealth
 + Level 5.1 Spellcasting
 + Level 6.5 Conjurations


You had 11 spell levels left.
You knew the following spells:

 Your Spells              Type           Power        Failure   Level  Hunger
a - Magic Dart            Conj           ####         1%          1    None
b - Searing Ray           Conj           ####..       1%          2    None


Dungeon Overview and Level Annotations

Branches:
Dungeon (1/1)

Altars:
Cheibriados
Dithmenos
Fedhas
Gozag
Kikubaaqudgha
Makhleb
Okawaru
Qazlal
Ru
Sif Muna
Trog
Uskayaw
Vehumet
Xom
Yredelemnul
Zin
The Shining One
Beogh
Jiyva
Lugonu

Shops:
D *[%??*?*:[((!!!!


Innate Abilities, Weirdness & Mutations

You cannot wear most types of armour.
You are very stealthy in the water. (Stealth+)
You are amphibious.
You can wear up to eight rings at the same time.
You can use your tentacles to constrict eight enemies at once.
Your skin changes colour to match your surroundings (Stealth+).
Your rubbery body absorbs attacks. (AC +1, EV +1)


Message History

You start resting.
ROUND 3!
FIGHT!
LIGHTNING ROUND!
You sense a tension in the east. 50...
Things that are here:
a leather armour; an orc skeleton A deep elf archer comes into view.
It is wielding a short sword.
Casting: Magic Dart
Confirm with . or Enter, or press ? or * to list all spells.
Aiming: Magic Dart
Press: ? - help, Shift-Dir - straight line, f - deep elf archer
Aim: a deep elf archer, wielding a short sword and wearing a leather armour (repelling missiles, hasn't noticed you)
The magic dart hits the deep elf archer.
The deep elf archer is lightly wounded.
The deep elf archer shouts!
The deep elf archer unwields an uncursed short sword.
The deep elf archer wields an uncursed shortbow.
The deep elf archer shoots an arrow.
The arrow hits you!!
Ouch! That really hurt!
You die...

#.............###.............##
⌠..........###...###..........⌠#
⌠..........# #.<.# #..e.......⌠#
⌠..........###.†.###..........⌠#
#.............###.............##
###∩........8.# #.8........∩###
##∩___.†....###......___∩##
######.8.........8.######
#⌠......@....÷# ###....[....###
#_......._# #_......._#
#.........# #∩.......∩#
##∩.....∩## ##.....## ##⌠⌠⌠##


You could see a deep elf archer.

Vanquished Creatures
  A water moccasin (D)
  4 adders (D)
  An adder skeleton (D)
  A leopard gecko (D)
  An orc (D)
  A quokka (D)
  A ball python (D)
  A bat (D)
11 creatures vanquished.

Notes
Turn   | Place    | Note
-------+----------+-------------------------------------------
     0 | D        | TryAgain the Octopode Conjurer began the quest for the Orb.
     0 | D        | Reached XP level 1. HP: 11/11 MP: 3/3
     2 | D        | Found a radiant altar of Vehumet.
     3 | D        | Found a blossoming altar of Fedhas.
     3 | D        | Found a glowing silver altar of Zin.
     4 | D        | Found a deep blue altar of Sif Muna.
     4 | D        | Found a shimmering altar of Xom.
     5 | D        | Found Fudycsoc's Bee Food.
     5 | D        | Found a roughly hewn altar of Beogh.
     5 | D        | Found a hide-covered altar of Uskayaw.
     5 | D        | Found Nuacos's Identification Station.
     5 | D        | Round 1.
     6 | D        | Found Wielyi's Jewellery.
     6 | D        | Found Vyecaik's Advanced Armour.
    10 | D        | Became a worshipper of Vehumet
    15 | D        | Bought a slimy copper ring for 45 gold pieces
    15 | D        | Bought a brightly glowing ivory ring for 45 gold pieces
    15 | D        | Bought a transparent golden ring for 45 gold pieces
    15 | D        | Bought a steaming brass ring for 45 gold pieces
    15 | D        | Identified the cursed ring of Greater Demons {rElec rN+ Int+2 Dex-3 Slay-3} (You bought it in a shop in the Dungeon)
    16 | D        | Identified the ring of Dithmenos's Supremacy {Fire Str+8 Int+3 Slay+2 Stlth+} (You bought it in a shop in the Dungeon)
    17 | D        | Identified the ring of Incredulity {rElec Str+2 SInv} (You bought it in a shop in the Dungeon)
    18 | D        | Identified the ring "Southrus" {rElec rC- Str+4 SInv} (You bought it in a shop in the Dungeon)
    22 | D        | Found a stormy altar of Qazlal.
    23 | D        | Found a shadowy altar of Dithmenos.
    25 | D        | Found Xeawk's Premium Goods.
    26 | D        | Found Mumpum's Miscellaneous Merchandise.
    26 | D        | Found Galehuat's Basic Armour.
    27 | D        | Found a bloodstained altar of Trog.
    27 | D        | Found an iron altar of Okawaru.
    27 | D        | Found Gomoekuesih's Weapon Rack.
    31 | D        | Found a viscous altar of Jiyva.
    32 | D        | Found an opulent altar of Gozag.
    33 | D        | Found a basalt altar of Yredelemnul.
    34 | D        | Reached skill level 3 in Stealth
    43 | D        | Reached * piety under Vehumet
    43 | D        | Offered knowledge of Freeze by Vehumet.
    59 | D        | Found Xatac's Do-It-Yourself Clinic.
    60 | D        | Found Tuipeh's Bottled Wisdom.
    60 | D        | Found Oxowner's Distillery.
    60 | D        | Found a corrupted altar of Lugonu.
    60 | D        | Found a glowing golden altar of the Shining One.
    60 | D        | Found a snail-covered altar of Cheibriados.
    60 | D        | Found Viliseat's Distillery.
    66 | D        | Arena points: 12 (+12) [x2]
    66 | D        | Reached XP level 2. HP: 13/17 MP: 2/5
    68 | D        | Found a sacrificial altar of Ru.
    69 | D        | Found an ancient bone altar of Kikubaaqudgha.
    70 | D        | Found a burning altar of Makhleb.
    71 | D        | Found Sinaduus's Staff Store.
    71 | D        | Found Nehoor's Magic Scroll Shop.
    72 | D        | Found Ciunnozy's Must-Have Magic.
    72 | D        | Found Ufant's Magic Scroll Shop.
    84 | D        | Learned a level 2 spell: Searing Ray
   128 | D        | Round 2.
   131 | D        | Reached ** piety under Vehumet
   161 | D        | Reached skill level 4 in Stealth
   169 | D        | Reached skill level 5 in Stealth
   169 | D        | Reached skill level 5 in Conjurations
   169 | D        | Reached XP level 3. HP: 20/21 MP: 0/7
   260 | D        | Noticed a water moccasin
   279 | D        | Offered knowledge of Throw Flame by Vehumet.
   287 | D        | Killed a water moccasin
   287 | D        | Reached *** piety under Vehumet
   287 | D        | Reached skill level 5 in Dodging
   287 | D        | Reached skill level 7 in Stealth
   287 | D        | Reached skill level 5 in Spellcasting
   287 | D        | Reached XP level 4. HP: 13/27 MP: 4/11
   287 | D        | Reached XP level 5. HP: 15/31 MP: 4/12
   291 | D        | Arena points: 54 (+42) [x3]
   303 | D        | Bought a twitching pewter ring for 45 gold pieces
   303 | D        | Bought a bound jade ring for 45 gold pieces
   303 | D        | Identified the ring "Homubyfilo" {rCorr rC+ MR+ Int-4 SInv} (You bought it in a shop in the Dungeon)
   304 | D        | Identified the ring "Ilyum" {rCorr Stlth+} (You bought it in a shop in the Dungeon)
   321 | D        | Round 3.
   336 | D        | Noticed a deep elf archer
   337 | D        | Shot with an arrow by a deep elf archer

Skill      XL: |  1  2  3 |
---------------+----------+-----
Stealth        | 3 5 7 |  7.7
Dodging        | 3 5 |  5.3
Spellcasting   | 3 5 |  5.1
Conjurations   | 5 6 |  6.5

Action                   |  1- 3 |  4- 6 || total
-------------------------+-------+-------++-------
Melee: Whip              |     5 |       ||     5
       Unarmed           |     1 |       ||     1
       Constrict         |     1 |       ||     1
       Tentacles         |     1 |       ||     1
 Cast: Magic Dart        |    15 |     3 ||    18
Evoke: Wand              |     3 |     1 ||     4
  Use: Potion            |     2 |       ||     2
       Scroll            |     2 |       ||     2
Dodge: Dodged            |     5 |       ||     5
